 Dungeon Crawl Stone Soup version 0.28-a0-1213-g0243856f03 (webtiles) character file.

Game seed: 2641483560120775670

54 Zonian the Stinger (level 3, 0/26 HPs)
             Began as a Demonspawn Wanderer on Dec 22, 2021.
             Was a Follower of Makhleb.
             Slain by a gnoll (4 damage)
             ... on level 2 of the Dungeon.
             The game lasted 00:04:09 (2358 turns).

Zonian the Stinger (Demonspawn Wanderer)            Turns: 2358, Time: 00:04:11

Health: 0/26       AC:  3    Str:  9    XL:     3   Next: 66%
Magic:  1/5        EV: 12    Int: 16    God:    Makhleb [*.....]
Gold:   93         SH:  0    Dex: 14    Spells: 0/4 levels left

rFire   . . .      SeeInvis .   g - +0 dagger (vamp)
rCold   . . .      Faith    .   (no shield)
rNeg    . . .      Spirit   .   b - +0 robe
rPois   .          Reflect  .   (helmet restricted)
rElec   .          Harm     .   (no cloak)
rCorr   .          Rampage  .   c - +0 pair of gloves
Will    .....                   (no boots)
Stlth   +.........              (no amulet)
HPRegen 0.08/turn               (no ring)
MPRegen 0.09/turn               (no ring)

@: no status effects
A: antennae 1, hooves 1
a: Renounce Religion


You were on level 2 of the Dungeon.
You worshipped Makhleb.
Makhleb was aware of your devotion.
You visited 1 branch of the dungeon, and saw 3 of its levels.

You collected 93 gold pieces.

Inventory:

Hand Weapons
 a - a +0 dagger
 g - a +0 vampiric dagger (weapon)
Missiles
 i - 15 poisoned darts (quivered)
Armour
 b - a +0 robe (worn)
 c - a +0 pair of gloves (worn)
Scrolls
 d - 2 scrolls of identify {unknown}
 e - a scroll of vulnerability {unknown}
 h - a scroll of teleportation {unknown}
Potions
 f - 2 potions of heal wounds {unknown}
 j - a potion of curing {unknown}


   Skills:
 + Level 1.5 Fighting
 + Level 0.7 Short Blades
 + Level 1.4 Armour
 + Level 1.6 Dodging
 + Level 1.4 Spellcasting
 + Level 2.5 Necromancy
 + Level 4.2 Poison Magic


You couldn't memorise any spells.
You knew the following spells:

 Your Spells              Type           Power      Damage    Failure   Level
a - Sting                 Tmut/Pois      28%        1d4       10%         1
b - Vampiric Draining     Necr           9%         2d6       24%         3

Your spell library contained the following spells:

 Spells                   Type           Power      Damage    Failure   Level
 Animate Skeleton         Necr           18%        N/A       8%          1
 Spider Form              Tmut/Pois      7%         N/A       28%         3
 Olgreb's Toxic Radiance  Pois           14%        N/A       36%         4


Dungeon Overview and Level Annotations

Branches:
Dungeon (3/15)

Altars:
Makhleb
Trog

Shops:
D:1 [


Innate Abilities, Weirdness & Mutations

You have a pair of small antennae on your head.
You have large cloven feet.


Message History

Aiming: Sting (safe; 10% risk of failure)
Press: ? - help, Shift-Dir - straight line, f/p - gnoll
Aim: a gnoll, wielding a +0 flail (poisoned, 72% to hit)
The sting hits the gnoll.
The gnoll looks even sicker.
The gnoll is lightly wounded.
The gnoll hits you with a +0 flail!
Unknown command.
You hit the gnoll but do no damage. You kick the gnoll, but do no damage.
The gnoll is moderately wounded.
The gnoll hits you but does no damage.
You hit the gnoll but do no damage. You kick the gnoll.
The gnoll is heavily wounded.
Casting: Sting (safe; 10% risk of failure)
Confirm with . or Enter, or press ? or * to list all spells.
Aiming: Sting (safe; 10% risk of failure)
Press: ? - help, Shift-Dir - straight line, f/p - gnoll
Aim: a gnoll, wielding a +0 flail (heavily wounded, very poisoned, 72% to hit)
The sting hits the gnoll but does no damage.
The gnoll looks even sicker.
The gnoll is heavily wounded.
The gnoll barely misses you.
You hit the gnoll.
You feel better.
The gnoll is severely wounded.
The gnoll hits you with a +0 flail.
You barely miss the gnoll.
The gnoll is severely wounded.
The gnoll hits you but does no damage.
You closely miss the gnoll. You kick the gnoll.
The gnoll is severely wounded.
The gnoll hits you with a +0 flail!
* * * LOW HITPOINT WARNING * * *
Casting: Sting (safe; 10% risk of failure)
Confirm with . or Enter, or press ? or * to list all spells.
Aiming: Sting (safe; 10% risk of failure)
Press: ? - help, Shift-Dir - straight line, f/p - gnoll
Aim: a gnoll, wielding a +0 flail (severely wounded, very poisoned, 72% to hit)
The sting hits the gnoll.
The gnoll looks as sick as possible!
The gnoll is severely wounded.
The gnoll hits you with a +0 flail.
You die...

###.####.##.### #####
#÷# ##.##.# #....
#.###.#.#.# #.###
#....###..# #.#
#####.#...# #.# ##..#.#
#.# ##...# ######## #.#
##..###..>...########.#
#.....g@.............###
#......####.##....).....
######## #.###.########
#....÷# #######


You could see a gnoll (extremely poisoned).

Vanquished Creatures
  An adder (D:2)
  A gnoll (D:2)
  A worm (D:2)
  6 ball pythons
  4 bats
  An endoplasm (D:2)
  A giant cockroach (D:1)
  A goblin (D:2)
  4 hobgoblins
  5 kobolds
  A quokka (D:2)
  3 frilled lizards
  4 rats
33 creatures vanquished.

Notes
Turn   | Place    | Note
-------+----------+-------------------------------------------
     0 | D:1      | Zonian the Demonspawn Wanderer began the quest for the Orb.
     0 | D:1      | Zonian set off with the following items: a +0 dagger, a +0
                  | robe, a +0 pair of gloves; and the following spells
                  | available to memorise: Animate Skeleton, Sting, Vampiric
                  | Draining, Spider Form, Olgreb's Toxic Radiance
     0 | D:1      | Reached XP level 1. HP: 15/15 MP: 2/2
    52 | D:1      | Learned a level 1 spell: Sting
   184 | D:1      | Found Cycap's Armour Boutique.
   584 | D:1      | Discovered your monstrous ancestry.
   584 | D:1      | Gained mutation: You have large cloven feet. [demonic
                  | ancestry]
   584 | D:1      | Reached XP level 2. HP: 15/21 MP: 0/3
  1437 | D:2      | Gained mutation: You have a pair of small antennae on your
                  | head. [demonic ancestry]
  1437 | D:2      | Reached XP level 3. HP: 26/26 MP: 2/4
  1514 | D:2      | Found a bloodstained altar of Trog.
  1606 | D:2      | Found a faded altar of an unknown god.
  1726 | D:2      | Prayed at the altar of an unknown god.
  1726 | D:2      | Became a worshipper of Makhleb the Destroyer
  1726 | D:2      | Reached * piety under Makhleb
  2114 | D:2      | Learned a level 3 spell: Vampiric Draining
  2358 | D:2      | Slain by a gnoll

Illustrated notes

Levels and vault maps discovered:
D:1:      moated_graveyard_arrival, layout_rooms, serial_shops, shop,
          minmay_split_cup_small
D:2:      layout_loops_ring, basic_altar,
          hellmonk_ecumenical_altar_inner_sanctum
D:3:      minmay_thinvault, layout_basic

Action                   || total
-------------------------++-------
Melee: Dagger            ||   139
       Kick              ||    28
Throw: Dart              ||     3
 Cast: Sting             ||    12
  Use: Scroll            ||     1
 Stab: Sleeping          ||     4
Armor: Robe              ||    40
Dodge: Dodged            ||    95

Table legend: (Time is in decaauts)
 A = Elapsed time spent in this place.
 B = Non-inter-level travel time spent in this place.
 C = Inter-level travel time spent in this place.
 D = Time resting spent in this place.
 E = Time spent auto-exploring this place.
 F = Levels seen in this place.
 G = Mean time per level.
                   A        B        C        D        E       F      G
               +--------+--------+--------+--------+--------+-----+--------+
         Total |   2357 |   2277 |     80 |    734 |   1115 |   3 |  785.7 |
       Dungeon |   2357 |   2277 |     80 |    734 |   1115 |   3 |  785.7 |
               +--------+--------+--------+--------+--------+-----+--------+

Top non-repeatable levels by time:
     D:2: 1337 daAuts
     D:1: 1001 daAuts
     D:3: 18 daAuts
